ORI
UNIVERSITY OF ALABAMA CRIMSON TIDE @ UNIVERSITY OF OKLAHOMA SOONERS
10/21/2048
 
TOP OF THE 1ST
University of Alabama Crimson Tide batting - Pitching for University of Oklahoma Sooners : RHP Elliot Bolitho
Pitching: RHP Elliot Bolitho
Batting: RHB Danny Rosario 0-0: Ball
1-0: SINGLE (Groundball, 6S, EV 65.6 MPH) (infield hit)
Batting: RHB B.J. Clark 0-0: Called Strike
0-1: Ball
1-1: Foul Ball, location: 2F
1-2: Ball
2-2: Ball
3-2: Foul Ball, location: 2F
3-2: Strikes out looking
Batting: RHB Matt Williams 0-0: Called Strike
Danny Rosario is caught stealing 2nd base 2-4
0-1: Ball
1-1: Swinging Strike
1-2: Ball
2-2: Strikes out swinging
Top of the 1st over - 0 runs, 1 hit, 0 errors, 0 left on base; University of Alabama 0 - University of Oklahoma 0
BOTTOM OF THE 1ST
University of Oklahoma Sooners batting - Pitching for University of Alabama Crimson Tide : RHP Luiz Schantz
Pitching: RHP Luiz Schantz
Batting: RHB Jesus Montoya 0-0: Swinging Strike
0-1: Ball
1-1: Fly out, F8 (Flyball, 8RM, EV 92.5 MPH)
Batting: LHB Alex Benabides 0-0: Foul Ball, location: 2F
0-1: Ground out 4-3 (Groundball, 4, EV 85.0 MPH)
Batting: RHB Jon Chatman 0-0: Swinging Strike
0-1: Ball
1-1: Fly out, F9 (Flyball, 89M, EV 88.8 MPH)
Bottom of the 1st over - 0 runs, 0 hits, 0 errors, 0 left on base; University of Alabama 0 - University of Oklahoma 0
TOP OF THE 2ND
University of Alabama Crimson Tide batting - Pitching for University of Oklahoma Sooners : RHP Elliot Bolitho
Batting: LHB Matt Barkley 0-0: Called Strike
0-1: Swinging Strike
0-2: Ball
1-2: Strikes out swinging
Batting: RHB David Sanchez 0-0: Ball
1-0: Foul Ball, location: 2F
1-1: Swinging Strike
1-2: Strikes out swinging
Batting: RHB Hughie Withers 0-0: Reached on error, E5 (Groundball, 5S, EV 89.4 MPH)
Batting: LHB Platon Protopsaltis 0-0: Called Strike
0-1: Called Strike
0-2: Foul Ball, location: 2F
0-2: Ball
1-2: Ball
2-2: Foul Ball, location: 2F
2-2: Strikes out swinging
Top of the 2nd over - 0 runs, 0 hits, 1 error, 1 left on base; University of Alabama 0 - University of Oklahoma 0
BOTTOM OF THE 2ND
University of Oklahoma Sooners batting - Pitching for University of Alabama Crimson Tide : RHP Luiz Schantz
Batting: LHB Cameron Marinelli 0-0: Ball
1-0: Foul Ball, location: 2F
1-1: Fly out, F7 (Flyball, 7D, EV 98.8 MPH)
Batting: RHB Victor Borras 0-0: Swinging Strike
0-1: Ball
1-1: Ball
2-1: Ball
3-1: Swinging Strike
3-2: Foul Ball, location: 2F
3-2: Foul Ball, location: 2F
3-2: Base on Balls
Batting: LHB Toby Clark 0-0: Ball
1-0: Called Strike
1-1: Ball
2-1: Foul Ball, location: 2F
2-2: Strikes out swinging
Batting: RHB Eric Peterson 0-0: Swinging Strike
0-1: Ball
1-1: Swinging Strike
1-2: Foul Ball, location: 2F
1-2: SINGLE (Flyball, 7LS, EV 98.1 MPH)
Victor Borras to second
Batting: RHB Sugiarto Kartosuwiryo 0-0: Called Strike
0-1: Ball
1-1: Ball
2-1: Swinging Strike
2-2: Ball
3-2: SINGLE (Line Drive, 4MD, EV 98.1 MPH)
Victor Borras to third
Eric Peterson to second
Victor Borras scores
Eric Peterson to third
Batting: RHB Sam Mason 0-0: Foul Ball, location: 2F
0-1: Swinging Strike
0-2: Ball
1-2: Ball
2-2: Strikes out swinging
Bottom of the 2nd over - 1 run, 2 hits, 0 errors, 2 left on base; University of Alabama 0 - University of Oklahoma 1
TOP OF THE 3RD
University of Alabama Crimson Tide batting - Pitching for University of Oklahoma Sooners : RHP Elliot Bolitho
Batting: RHB Onorato Zacagnini 0-0: Called Strike
0-1: Ball
1-1: Called Strike
1-2: Strikes out swinging
Batting: LHB Joe Blackwood 0-0: Ball
1-0: Fly out, F6 (Popup, 6MS, EV 70.0 MPH)
Batting: RHB Danny Rosario 0-0: Ball
1-0: Ball
2-0: Ball
3-0: Base on Balls
Batting: RHB B.J. Clark 0-0: Ball
1-0: 2-RUN HOME RUN (Flyball, 78XD, EV 101.2 MPH), Distance : 398 ft
Batting: RHB Matt Williams 0-0: Ball
1-0: Ball
2-0: Swinging Strike
2-1: Called Strike
2-2: Ball
3-2: Base on Balls
Batting: LHB Matt Barkley 0-0: Foul Ball, location: 2F
0-1: Foul Ball, location: 2F
0-2: Ball
1-2: Ball
2-2: Fly out, F8 (Flyball, 8LD, EV 109.4 MPH)
Top of the 3rd over - 2 runs, 1 hit, 0 errors, 1 left on base; University of Alabama 2 - University of Oklahoma 1
BOTTOM OF THE 3RD
University of Oklahoma Sooners batting - Pitching for University of Alabama Crimson Tide : RHP Luiz Schantz
Batting: RHB Jesus Montoya 0-0: Ball
1-0: Ball
2-0: Swinging Strike
2-1: TRIPLE (Flyball, 78XD, EV 108.8 MPH)
Batting: LHB Alex Benabides 0-0: Called Strike
0-1: Foul Ball, location: 2F
0-2: Strikes out swinging, 2-3 out at first.
Batting: RHB Jon Chatman 0-0: Ball
1-0: Ball
2-0: Called Strike
2-1: Foul Ball, location: 2F
2-2: Foul Ball, location: 2F
2-2: Ball
3-2: Base on Balls
Batting: LHB Cameron Marinelli 0-0: Ball
1-0: Ball
2-0: Ball
3-0: Called Strike
3-1: Fly out, F7 (Flyball, 7LS, EV 77.5 MPH)
Batting: RHB Victor Borras 0-0: Ball
Jon Chatman steals 2nd base
1-0: Fly out, F8 (Flyball, 89D, EV 108.8 MPH)
Bottom of the 3rd over - 0 runs, 1 hit, 0 errors, 2 left on base; University of Alabama 2 - University of Oklahoma 1
TOP OF THE 4TH
University of Alabama Crimson Tide batting - Pitching for University of Oklahoma Sooners : RHP Elliot Bolitho
Batting: RHB David Sanchez 0-0: Fly out, F8 (Flyball, 89M, EV 88.8 MPH)
Batting: RHB Hughie Withers 0-0: Fly out, F8 (Flyball, 8RM, EV 91.9 MPH)
Batting: LHB Platon Protopsaltis 0-0: Ball
1-0: Fly out, F9 (Flyball, 89S, EV 89.4 MPH)
Top of the 4th over - 0 runs, 0 hits, 0 errors, 0 left on base; University of Alabama 2 - University of Oklahoma 1
BOTTOM OF THE 4TH
University of Oklahoma Sooners batting - Pitching for University of Alabama Crimson Tide : RHP Luiz Schantz
Batting: LHB Toby Clark 0-0: Ball
1-0: Called Strike
1-1: Ball
2-1: Fly out, F8 (Line Drive, 8RM, EV 91.9 MPH)
Batting: RHB Eric Peterson 0-0: Ball
1-0: Called Strike
1-1: Ball
2-1: Called Strike
2-2: Ball
3-2: Ground out 5-3 (Groundball, 5, EV 84.4 MPH)
Batting: RHB Sugiarto Kartosuwiryo 0-0: Called Strike
0-1: Foul Ball, location: 2F
0-2: Ball
1-2: Ball
2-2: Strikes out looking
Bottom of the 4th over - 0 runs, 0 hits, 0 errors, 0 left on base; University of Alabama 2 - University of Oklahoma 1
TOP OF THE 5TH
University of Alabama Crimson Tide batting - Pitching for University of Oklahoma Sooners : RHP Elliot Bolitho
Batting: RHB Onorato Zacagnini 0-0: Ball
1-0: Ground out 5-3 (Groundball, 5, EV 80.6 MPH)
Batting: LHB Joe Blackwood 0-0: Foul Ball, location: 2F
0-1: Foul Ball, location: 2F
0-2: Strikes out swinging, 2-3 out at first.
Batting: RHB Danny Rosario 0-0: Called Strike
0-1: Foul Ball, location: 2F
0-2: Foul Ball, location: 2F
0-2: Ball
1-2: Ball
2-2: Strikes out swinging
Top of the 5th over - 0 runs, 0 hits, 0 errors, 0 left on base; University of Alabama 2 - University of Oklahoma 1
BOTTOM OF THE 5TH
University of Oklahoma Sooners batting - Pitching for University of Alabama Crimson Tide : RHP Luiz Schantz
Pitching: RHP Matilde Tudela
Batting: RHB Sam Mason 0-0: Ball
1-0: Swinging Strike
1-1: Ball
2-1: Called Strike
2-2: Ball
3-2: Strikes out swinging
Batting: RHB Jesus Montoya 0-0: Foul Ball, location: 2F
0-1: Ball
1-1: Ball
2-1: Foul Ball, location: 2F
2-2: Ball
3-2: Base on Balls
Batting: LHB Alex Benabides 0-0: Ball
Jesus Montoya is caught stealing 2nd base 2-6
1-0: Fly out, F2 (Popup, 23F, EV 84.4 MPH)
Bottom of the 5th over - 0 runs, 0 hits, 0 errors, 0 left on base; University of Alabama 2 - University of Oklahoma 1
TOP OF THE 6TH
University of Alabama Crimson Tide batting - Pitching for University of Oklahoma Sooners : RHP Elliot Bolitho
Batting: RHB B.J. Clark 0-0: DOUBLE (Flyball, 89XD, EV 98.1 MPH)
Batting: RHB Matt Williams 0-0: Intentional Walk
Batting: LHB Matt Barkley 0-0: Called Strike
0-1: Ball
1-1: Swinging Strike
1-2: Ball
2-2: Strikes out swinging
Batting: RHB David Sanchez 0-0: Ball
1-0: SINGLE (Groundball, 34D, EV 94.4 MPH)
B.J. Clark to third
Matt Williams to second
Runner from 3rd tries for Home, SAFE, throw by RF to home
Pitching: RHP Jose Merced
Batting: RHB Hughie Withers 0-0: Foul Ball, location: 2F
0-1: Ball
1-1: Called Strike
1-2: Ball
2-2: Ball
3-2: Strikes out swinging
Batting: LHB Platon Protopsaltis 0-0: Ball
1-0: Ball
2-0: Swinging Strike
2-1: Swinging Strike
2-2: Strikes out looking
Top of the 6th over - 1 run, 2 hits, 0 errors, 2 left on base; University of Alabama 3 - University of Oklahoma 1
BOTTOM OF THE 6TH
University of Oklahoma Sooners batting - Pitching for University of Alabama Crimson Tide : RHP Matilde Tudela
Batting: RHB Jon Chatman 0-0: Ball
1-0: Ball
2-0: Ball
3-0: Called Strike
3-1: Called Strike
3-2: SOLO HOME RUN (Flyball, 7D, EV 98.8 MPH), Distance : 378 ft
Batting: LHB Cameron Marinelli 0-0: Ball
1-0: Swinging Strike
1-1: Swinging Strike
1-2: Reached on error, E4 (Groundball, 4MD, EV 86.9 MPH)
Batting: RHB Victor Borras 0-0: Foul Ball, location: 2F
0-1: Called Strike
0-2: Foul Ball, location: 2F
0-2: Ball
1-2: Ball
2-2: Foul Ball, location: 2F
2-2: Ball
3-2: Foul Ball, location: 2F
3-2: Ground out 4-3 (Groundball, 34S, EV 92.5 MPH)
Cameron Marinelli to second
Pitching: RHP Chad Wickel
Batting: LHB Toby Clark 0-0: Called Strike
0-1: Called Strike
0-2: Ball
1-2: Strikes out swinging
Batting: RHB Eric Peterson 0-0: Ball
1-0: Fly out, F9 (Line Drive, 89M, EV 93.8 MPH)
Bottom of the 6th over - 1 run, 1 hit, 1 error, 1 left on base; University of Alabama 3 - University of Oklahoma 2
TOP OF THE 7TH
University of Alabama Crimson Tide batting - Pitching for University of Oklahoma Sooners : RHP Jose Merced
Batting: RHB Onorato Zacagnini 0-0: Ball
1-0: Called Strike
1-1: Ball
2-1: Swinging Strike
2-2: Strikes out swinging
Batting: LHB Joe Blackwood 0-0: Called Strike
0-1: Foul Ball, location: 2F
0-2: Foul Ball, location: 2F
0-2: Ground out 3-1 (Groundball, 3D, EV 107.5 MPH)
Batting: RHB Danny Rosario 0-0: Ball
1-0: Foul Ball, location: 2F
1-1: Ball
2-1: Called Strike
2-2: Fly out, F9 (Line Drive, 9, EV 93.8 MPH)
Top of the 7th over - 0 runs, 0 hits, 0 errors, 0 left on base; University of Alabama 3 - University of Oklahoma 2
BOTTOM OF THE 7TH
University of Oklahoma Sooners batting - Pitching for University of Alabama Crimson Tide : RHP Chad Wickel
Batting: RHB Sugiarto Kartosuwiryo 0-0: Ball
1-0: Called Strike
1-1: Called Strike
1-2: Ball
2-2: Foul Ball, location: 2F
2-2: Foul Ball, location: 2F
2-2: Ball
3-2: Fly out, F7 (Flyball, 7, EV 83.8 MPH)
Batting: RHB Sam Mason 0-0: Foul Ball, location: 2F
0-1: Called Strike
0-2: Strikes out swinging
Batting: RHB Jesus Montoya 0-0: Called Strike
0-1: Ball
1-1: Foul Ball, location: 2F
1-2: Ball
2-2: Ball
3-2: Base on Balls
Batting: LHB Alex Benabides 0-0: Ball
Jesus Montoya steals 2nd base
1-0: 2-RUN HOME RUN (Flyball, 89XD, EV 103.8 MPH), Distance : 412 ft
Batting: RHB Jon Chatman 0-0: Called Strike
0-1: Foul Ball, location: 2F
0-2: Ball
1-2: Ball
2-2: Ball
3-2: Fly out, F7 (Flyball, 7D, EV 97.5 MPH)
Bottom of the 7th over - 2 runs, 1 hit, 0 errors, 0 left on base; University of Alabama 3 - University of Oklahoma 4
TOP OF THE 8TH
University of Alabama Crimson Tide batting - Pitching for University of Oklahoma Sooners : RHP Jose Merced
Batting: RHB B.J. Clark 0-0: Ball
1-0: Foul Ball, location: 2F
1-1: Fly out, F8 (Flyball, 8LM, EV 85.0 MPH)
Pinch Hitting: LHB Danny Schultz 0-0: Swinging Strike
0-1: Ball
1-1: Called Strike
1-2: Fly out, F8 (Flyball, 8RD, EV 93.1 MPH)
Batting: LHB Matt Barkley 0-0: Ground out U3 (Groundball, 23, EV 93.1 MPH)
Top of the 8th over - 0 runs, 0 hits, 0 errors, 0 left on base; University of Alabama 3 - University of Oklahoma 4
BOTTOM OF THE 8TH
University of Oklahoma Sooners batting - Pitching for University of Alabama Crimson Tide : RHP Chad Wickel
Pitching: RHP Ken McGee
Now at 3B: Al Lara
Batting: LHB Cameron Marinelli 0-0: Called Strike
0-1: Ball
1-1: Called Strike
1-2: Strikes out swinging
Batting: RHB Victor Borras 0-0: Ball
1-0: Ball
2-0: Foul Ball, location: 2F
2-1: Ground out 6-3 (Groundball, 6MS, EV 83.1 MPH)
Batting: LHB Toby Clark 0-0: Ball
1-0: DOUBLE (Flyball, 89D, EV 92.5 MPH)
Batting: RHB Eric Peterson 0-0: Foul Ball, location: 2F
0-1: Ground out 4-3 (Groundball, 4, EV 90.6 MPH)
Bottom of the 8th over - 0 runs, 1 hit, 0 errors, 1 left on base; University of Alabama 3 - University of Oklahoma 4
TOP OF THE 9TH
University of Alabama Crimson Tide batting - Pitching for University of Oklahoma Sooners : RHP Jose Merced
Pitching: RHP Roger Torrez
Batting: RHB David Sanchez 0-0: Called Strike
0-1: Swinging Strike
0-2: Ball
1-2: Ball
2-2: Strikes out looking
Batting: RHB Hughie Withers 0-0: Ball
1-0: Ball
2-0: Ball
3-0: Called Strike
3-1: Called Strike
3-2: Foul Ball, location: 2F
3-2: Fly out, F7 (Line Drive, 7, EV 91.2 MPH)
Batting: LHB Platon Protopsaltis 0-0: Called Strike
0-1: Called Strike
0-2: Fly out, F8 (Flyball, 78S, EV 91.9 MPH)
Top of the 9th over - 0 runs, 0 hits, 0 errors, 0 left on base; University of Alabama 3 - University of Oklahoma 4
Tuesday, March 28th , 2023 - OOTP Baseball 23.10 Build 110